 Dungeon Crawl Stone Soup version 0.29-a0-617-g7a6b98fccd (webtiles) character file.

Game seed: 11463931234911521193

164 Kaemin the Covered (level 5, -1/47 HPs)
             Began as a Minotaur Fighter on June 18, 2022.
             Was a Believer of Ru.
             Slain by a water moccasin (4 damage)
             ... on level 3 of the Dungeon.
             The game lasted 00:10:39 (2320 turns).

Kaemin the Covered (Minotaur Fighter)               Turns: 2320, Time: 00:10:40

Health: -1/47      AC: 13    Str: 23    XL:     5   Next: 21%
Magic:  4/4        EV:  6    Int: 11    God:    Ru [**....]
Gold:   222        SH:  4    Dex:  9    Spells: 2/4 levels left

rFire   . . .      SeeInvis .   a - +0 long sword
rCold   . . .      Faith    .   c - +0 buckler
rNeg    . . .      Spirit   .   s - +0 plate armour
rPois   .          Reflect  .   (helmet restricted)
rElec   .          Harm     .   (no cloak)
rCorr   .          Rampage  .   i - +0 pair of gloves
Will    .....                   (no boots)
Stlth   ..........              (no amulet)
HPRegen 0.15/turn               n - +6 ring of intelligence
MPRegen 0.09/turn               (no ring)

@: mighty, lethally poisoned (-1 -> -5)
A: horns 2, inability to use devices, retaliatory headbutt
a: Renounce Religion


You were on level 3 of the Dungeon.
You worshipped Ru.
Ru was pleased with you.
You visited 1 branch of the dungeon, and saw 3 of its levels.

You collected 222 gold pieces.

Inventory:

Hand Weapons
 a - a +0 long sword (weapon)
 q - a +0 halberd
Armour
 b - a +0 scale mail
 c - a +0 buckler (worn)
 i - a +0 pair of gloves (worn)
 j - a +0 chain mail
 s - a +0 plate armour (worn)
Jewellery
 n - a +6 ring of intelligence (left hand)
Scrolls
 e - a scroll of fear {unknown}
 f - a scroll of fog {unknown}
 g - a scroll of immolation {unknown}
 h - 2 scrolls of enchant armour {unknown}
 l - 2 scrolls of blinking {unknown}
 m - 2 scrolls of identify {unknown}
 p - a scroll of torment {unknown}
 r - a scroll of amnesia {unknown}
Potions
 d - a potion of might
 k - a potion of flight
 o - 2 potions of resistance {unknown}
 t - a potion of haste {unknown}


   Skills:
 + Level 4.5 Fighting
 + Level 4.4 Long Blades
 + Level 4.7 Armour
 + Level 1.0 Dodging
 + Level 4.2 Shields


You had 2 spell levels left.
You knew the following spells:

 Your Spells              Type           Power      Damage    Failure   Level
a - Static Discharge      Conj/Air       0%         N/A       100%        2

Your spell library contained the following spells:

 Spells                   Type           Power      Damage    Failure   Level
 Ignite Poison            Fire/Tmut/Pois 0%         N/A       100%        3
 Mephitic Cloud           Conj/Pois/Air  0%         N/A       100%        3
 Dispel Undead            Necr           0%         3d6       100%        4
 Sticky Flame             Conj/Fire      0%         2d3       100%        4
 Freezing Cloud           Conj/Ice/Air   0%         6-21      100%        5


Dungeon Overview and Level Annotations

Branches:
Dungeon (3/15)

Altars:
Ru

Shops:
D:3 [


Innate Abilities, Weirdness & Mutations

You have a pair of horns on your head.
You cannot study or use magical devices.
You reflexively headbutt those who attack you in melee.


Message History

You closely miss the water moccasin.
The water moccasin is lightly wounded.
You feel sick. The water moccasin bites you.
You are more poisoned.
The water moccasin poisons you!
You hit the water moccasin.
The water moccasin is moderately wounded.
You feel very sick.
The water moccasin bites you but does no damage.
You block the water moccasin's attack.
You miss the water moccasin.
The water moccasin is moderately wounded.
You feel very sick.
The water moccasin bites you but does no damage.
You block the water moccasin's attack.
You feel very sick.
You feel very sick. The water moccasin bites you.
* * * LOW HITPOINT WARNING * * *
You are too injured to fight recklessly!
You closely miss the water moccasin.
Your headbutt misses the water moccasin.
The water moccasin is moderately wounded.
* * * LOW HITPOINT WARNING * * *
You feel sick.
The water moccasin bites you but does no damage.
You slash the water moccasin!
The water moccasin is severely wounded.
* * * LOW HITPOINT WARNING * * *
You feel sick. The water moccasin bites you.
* * * LOW HITPOINT WARNING * * *
The water moccasin bites you but does no damage.
You completely miss the water moccasin.
The water moccasin is severely wounded.
* * * LOW HITPOINT WARNING * * *
You feel sick.
You redirect the water moccasin's attack!
The water moccasin barely misses itself.
The water moccasin bites you.
You die...

........##....## ...#
...........##..####...###.
..........................
...#.####÷..........#.#...
...#.##....)..†..........!
...#.##.##....###.......$$
##...##.##)÷..#.........$∩
##..#...##...##.........$$
##....####......@S...#...
##....####...##.......#
#...#...##...#...........<
..#####.##...#>...........
(.# #......#............
..## ###....#............
...######...##............
..........(...............
.....########........


You could see a water moccasin.

Vanquished Creatures
  A hound (D:3)
  3 gnolls (D:3)
  5 adders
  A worm (D:2)
  3 dart slugs
  8 ball pythons
  3 bats
  5 endoplasms
  2 giant cockroaches
  4 goblins
  3 hobgoblins
  5 jackals
  3 kobolds (D:2)
  3 frilled lizards
  4 rats
53 creatures vanquished.

Vanquished Creatures (others)
  A goblin (D:3)
1 creature vanquished.

Grand Total: 54 creatures vanquished

Notes
Turn   | Place    | Note
-------+----------+-------------------------------------------
     0 | D:1      | Kaemin the Minotaur Fighter began the quest for the Orb.
     0 | D:1      | Reached XP level 1. HP: 19/19 MP: 0/0
   256 | D:1      | Reached XP level 2. HP: 23/27 MP: 1/1
  1023 | D:2      | Reached XP level 3. HP: 17/33 MP: 2/2
  1312 | D:2      | Learned a level 2 spell: Static Discharge
  1485 | D:2      | Found a faded altar of an unknown god.
  1507 | D:2      | Reached XP level 4. HP: 38/40 MP: 3/3
  1521 | D:2      | Prayed at the altar of an unknown god.
  1521 | D:2      | Became a worshipper of Ru the Awakened
  1530 | D:2      | Gained mutation: You cannot study or use magical devices.
                  | [Ru sacrifice]
  1530 | D:2      | Reached * piety under Ru
  1530 | D:2      | Reached ** piety under Ru
  1837 | D:3      | Reached skill level 1 in Dodging
  1909 | D:3      | Reached XP level 5. HP: 28/47 MP: 4/4
  2305 | D:3      | Noticed a water moccasin
  2307 | D:3      | Found Fiew Wiq's Armour Shoppe.
  2320 | D:3      | Slain by a water moccasin

Illustrated notes

Levels and vault maps discovered:
D:1:      kennysheep_arrival_seaside, layout_loops_ring, st_stairs_14,
          chequers_avenue
D:2:      layout_basic, hellmonk_ecumenical_altar_dog_temple,
          minmay_split_cup_large
D:3:      layout_rooms, serial_shops, shop_coins

Skill      XL: |  1  2  3  4 |
---------------+-------------+-----
Armour         | 4 |  4.7
Fighting       | 4 |  4.5
Long Blades    | 3 4 |  4.4
Shields        | 4 |  4.2
Dodging        | 1 |  1.0

Action                   |  1- 3 |  4- 6 || total
-------------------------+-------+-------++-------
Melee: Long sword        |    92 |    72 ||   164
       Headbutt          |    14 |     8 ||    22
Invok: Sacrifice Artific |       |     1 ||     1
  Use: Potion            |     3 |     8 ||    11
 Stab: Invisible         |       |     1 ||     1
Armor: Chain mail        |    86 |    13 ||    99
       Scale mail        |     1 |       ||     1
       Plate armour      |       |    61 ||    61
Dodge: Dodged            |    56 |    39 ||    95
Block: Buckler           |    29 |    20 ||    49

Table legend: (Time is in decaauts)
 A = Elapsed time spent in this place.
 B = Non-inter-level travel time spent in this place.
 C = Inter-level travel time spent in this place.
 D = Time resting spent in this place.
 E = Time spent auto-exploring this place.
 F = Levels seen in this place.
 G = Mean time per level.
                   A        B        C        D        E       F      G
               +--------+--------+--------+--------+--------+-----+--------+
         Total |   2368 |   2058 |    310 |    465 |   1201 |   3 |  789.3 |
       Dungeon |   2368 |   2058 |    310 |    465 |   1201 |   3 |  789.3 |
               +--------+--------+--------+--------+--------+-----+--------+

Top non-repeatable levels by time:
     D:1: 973 daAuts
     D:2: 873 daAuts
     D:3: 521 daAuts
